 Dungeon Crawl Stone Soup version 0.31.0-11-ge490571c62 (webtiles) character file.

Game seed: 12136629302826805737

60 qw the Shooter (level 3, -1/18 HPs)
             Began as a Spriggan Hunter on Feb 4, 2024.
             Slain by a ball python (3 damage)
             ... on level 3 of the Dungeon.
             The game lasted 00:00:04 (1211 turns).

qw the Shooter (Spriggan Hunter)                    Turns: 1211, Time: 00:00:05

Health: -1/18      AC:  2    Str:  7    XL:     3   Next: 80%
Magic:  4/4        EV: 20    Int: 10    God:
Gold:   107        SH:  0    Dex: 23    Spells: 2/2 levels left

rFire   + . .        b - +0 orcbow
rCold   + . .        (shield currently unavailable)
rNeg    . . .        c - +0 robe
rPois   +            (helmet restricted)
rElec   .            (no cloak)
rCorr   .            (gloves unavailable)
SInv    +            (boots unavailable)
Will    .....        (no amulet)
Stlth   ++           a - ring of Xaaq {rPois rF+ rC+ Will- Dex+3}
HPRegen 0.23/turn    (no ring)
MPRegen 0.09/turn

%: no passive effects
@: very quick
A: very small, no large weapons, unfitting armour, see invisible, speed 3
a: no special abilities


You were on level 3 of the Dungeon.
You visited 1 branch of the dungeon, and saw 3 of its levels.

You collected 107 gold pieces.


Innate Abilities, Weirdness & Mutations

You are very small and have problems with some larger weapons.
You are too small for most types of armour.
You have supernaturally acute eyesight. (SInv)
You cover ground extremely quickly. (Speed+++)


   Skills:
 - Level 1.5 Fighting
 - Level 4.7 Ranged Weapons
 + Level 4.5 Dodging
 - Level 1.5 Stealth


You had 2 spell levels left.
You didn't know any spells.
Your spell library was empty.

Inventory:

Hand Weapons
 b - a +0 orcbow (weapon)
Armour
 c - a +0 robe (worn)
Jewellery
 a - the ring of Xaaq (left hand) {rPois rF+ rC+ Will- Dex+3}
   (You acquired it on level 2 of the Dungeon)

   [ring of poison resistance]

   Dex+3:     It affects your dexterity (+3).
   rF+:       It protects you from fire.
   rC+:       It protects you from cold.
   rPois:     It protects you from poison Will-: It decreases your willpower.
Potions
 h - a potion of mutation {unknown}

Dungeon Overview and Level Annotations

Branches:
Dungeon (3/15)

Altars:


Message History

You shoot an arrow. The arrow barely misses the gnoll.
The gnoll shouts!
You hear a shout!
A ball python comes into view.
A gnoll comes into view. It is wielding a +0 whip.
You shoot an arrow. The arrow hits the gnoll!
You kill the gnoll!
The gnoll hits you from afar with a +0 spear!
Ouch! That really hurt!
1166 ||| STAIRDANCE The gnoll completely misses you.
You climb upwards.
There is a stone staircase leading down here.
Enter note:
Enter note: You start resting.
HP restored.
You climb downwards.
The ball python completely misses you. x2
The gnoll closely misses you.
There is a stone staircase leading up here.
You shoot an arrow. The arrow closely misses the gnoll.
The ball python bites you. The ball python closely misses you.
The gnoll closely misses you. The gnoll completely misses you.
The ball python misses you. x2; The gnoll completely misses you.
The gnoll closely misses you.
You shoot an arrow. The arrow barely misses the gnoll.
The ball python completely misses you. The ball python misses you.
The gnoll hits you with a +0 spear! The gnoll completely misses you.
You shoot an arrow.
The arrow hits the gnoll but does no damage.
The ball python closely misses you. x2; The gnoll barely misses you.
The gnoll hits you with a +0 spear. The ball python closely misses you. x2
You shoot an arrow. The arrow barely misses the gnoll.
The ball python barely misses you. The ball python misses you.
The gnoll hits you with a +0 spear. The gnoll misses you.
The ball python misses you. The ball python closely misses you.
You shoot an arrow. The arrow barely misses the gnoll.
The gnoll barely misses you. The gnoll completely misses you.
The ball python bites you.
You die...

.# #.# #.#
#.#. #.# ...
#.# ..# #
#.# ..# ...
#.# ..#.>..
#.#g....%.
#@g.#
#.....S..#
+$.....#)#
............
......#.#
#..
.....#.#.
#.# ..... #
# #.# .#.#.
#.


You could see 2 gnolls and a ball python.

Vanquished Creatures
  A gnoll (D:3)
  A ribbon worm (D:3)
  6 ball pythons
  5 endoplasms
  4 giant cockroaches
  4 goblins
  3 hobgoblins (D:1)
  4 kobolds
  2 quokkas
  7 bats
  4 frilled lizards
  2 rats
43 creatures vanquished.

Notes
Turn   | Place    | Note
-------+----------+-------------------------------------------
     0 | D:1      | qw the Spriggan Hunter began the quest for the Orb.
     0 | D:1      | Reached XP level 1. HP: 10/10 MP: 2/2
     0 | D:1      | 0 ||| qw: Version: 0.3-a-160-g6735b56
     0 | D:1      | 0 ||| qw: Game counter: 4686
     0 | D:1      | 0 ||| qw: Melee chars always use a shield: true
     0 | D:1      | 0 ||| qw: God list: Okawaru
     0 | D:1      | 0 ||| qw: Allow faded altars: false
     0 | D:1      | 0 ||| qw: Do Orc after clearing Dungeon:15 true
     0 | D:1      | 0 ||| qw: Do second Lair branch before Depths: true
     0 | D:1      | 0 ||| qw: Lair rune preference: random
     0 | D:1      | 0 ||| qw: Goals: Normal
     0 | D:1      | 0 ||| PLANNING D:1-11
    41 | D:1      | Reached skill level 3 in Dodging
    61 | D:1      | Reached XP level 2. HP: 14/14 MP: 3/3
   108 | D:1      | You fall into a shaft and drop 1 floor!
   123 | D:2      | 123 ||| DROPPING scroll of butterflies.
   158 | D:1      | 158 ||| SWAPPING to +0 orcbow.
   160 | D:1      | 160 ||| DROPPING +0 shortbow.
   599 | D:1      | 599 ||| READING 2 scrolls labelled COLUNN FIR JOE.
   600 | D:1      | 600 ||| READING scroll labelled DUOM ZEGOESETO.
   603 | D:1      | 603 ||| DROPPING scroll of revelation.
   650 | D:2      | Reached XP level 3. HP: 18/18 MP: 4/4
  1125 | D:2      | 1125 ||| READING scroll labelled QITOGI OPPED.
  1126 | D:2      | 1126 ||| READING scroll labelled MEXIKA COUNA.
  1126 | D:2      | Identified a scroll of acquirement
  1126 | D:2      | 1126 ||| ACQUIRING ring of Xaaq {rPois rF+ rC+ Will- Dex+3}
  1126 | D:2      | Acquired the ring of Xaaq {rPois rF+ rC+ Will- Dex+3}
  1128 | D:2      | 1128 ||| UPGRADING to ring of Xaaq {rPois rF+ rC+ Will-
                  | Dex+3}.
  1129 | D:2      | 1129 ||| READING 2 scrolls labelled RUUNGOATER.
  1129 | D:2      | 1129 ||| IDENTIFYING coppery potion
  1130 | D:2      | 1130 ||| READING scroll of identify.
  1130 | D:2      | 1130 ||| IDENTIFYING ruby potion
  1131 | D:2      | 1131 ||| DROPPING potion of degeneration.
  1132 | D:2      | 1132 ||| DROPPING potion of lignification.
  1166 | D:3      | 1166 ||| STAIRDANCE
  1210 | D:3      | HP: 1/18 [gnoll/+0 spear (5)]
  1211 | D:3      | Slain by a ball python

Levels and vault maps discovered:
D:1:      roderic_crossed_star, layout_basic
D:2:      layout_loops_ring, chequers_serial_rivers_marsh
D:3:      layout_basic, nicolae_overflow_ecumenical_swirl,
          nicolae_wu_jian_immortal_techniques, serial_shops, shop,
          nicolae_shop_drivethru, grunt_ministairs_12,
          hangedman_decor_clover_reticule, st_stairs_3

Skill      XL: |  1  2 |
---------------+-------+-----
Dodging        | 3 4 |  4.5
Fighting       | |  1.5
Ranged Weapons | |  4.7
Stealth        | |  1.5

Action                     || total
---------------------------++-------
   Fire: Shortbow          ||    17
         Orcbow            ||    66
    Use: Scroll            ||     6
 Armour: Robe              ||    11
  Dodge: Dodged            ||    49

Table legend:
 A = Non-vault XP
 B = Vault XP
 C = Vault XP percentage of total XP
 D = Non-vault monster count
 E = Vault monster count
 F = Vault count percentage of total count
                 A         B        C        D         E       F
            +---------+---------+-------+---------+---------+-------
      Total |      81 |       5 |   5.8 |      41 |       2 |   4.7
            +---------+---------+-------+---------+---------+-------
        D:1 |      38 |       0 |   0.0 |      23 |       0 |   0.0
        D:2 |      28 |       0 |   0.0 |      16 |       0 |   0.0
        D:3 |      15 |       5 |  25.0 |       2 |       2 |  50.0
            +---------+---------+-------+---------+---------+-------
